 Dungeon Crawl Stone Soup version 0.29-a0-409-gd843f3a48c (webtiles) character file.

Game seed: 1114092033949112892

11506 jlumianski the Cleaver (level 11, -19/87 HPs)
             Began as a Demonspawn Fighter on May 12, 2022.
             Was an Elder of Qazlal.
             Killed by refrigeration
             ... invoked by Fannar
              (25 damage)
             ... on level 10 of the Dungeon on May 13, 2022.
             The game lasted 01:00:39 (10657 turns).

jlumianski the Cleaver (Demonspawn Fighter)        Turns: 10657, Time: 01:00:40

Health: -19/87     AC: 18    Str: 25    XL:     11   Next: 50%
Magic:  16/16      EV: 13    Int:  9    God:    Qazlal [****..]
Gold:   186        SH: 11    Dex: 12    Spells: 10/10 levels left

rFire   . . .      SeeInvis .   y - +5 broad axe (vorpal)
rCold   . . .      Faith    +   c - +1 buckler
rNeg    . . .      Spirit   .   F - +4 chain mail of Virtue {Contam Regen+ Str+3}
rPois   .          Reflect  .   N - +0 hat {Will+}
rElec   .          Harm     .   (no cloak)
rCorr   .          Rampage  .   (no gloves)
Will    +....                   (no boots)
Stlth   ..........              S - amulet of faith
HPRegen 1.04/turn               r - +4 ring of protection
MPRegen 0.15/turn               u - +4 ring of evasion

@: mighty, repel missiles
A: antennae 2, powered by pain 2, spiny 1, demonic touch 2, subdued magic 1
a: Renounce Religion, Upheaval, Elemental Force


You were on level 10 of the Dungeon.
You worshipped Qazlal.
Qazlal was greatly pleased with you.
You visited 2 branches of the dungeon, and saw 11 of its levels.
You also visited: Bailey.

You collected 600 gold pieces.
You spent 414 gold pieces at shops.

Inventory:

Hand Weapons
 b - a +4 war axe
 f - a +0 broad axe
 h - a +2 vorpal hand axe
 j - a +0 great sword of electrocution
 p - a +0 spear of freezing
 y - a +5 vorpal broad axe (weapon)
 z - the +7 dagger "Paho" {freeze, Dex+2}
   (You found it on level 6 of the Dungeon)

   It freezes those it strikes, dealing additional cold damage.
   It can also slow down cold-blooded creatures.
   Dex:       It affects your dexterity (+2).
 B - a +0 hand crossbow
 J - a +0 hand crossbow
 T - the +7 hand axe "Qesocago" {flame, rPois rCorr Str+5 Dex-3}
   (You found it on level 9 of the Dungeon)

   It burns those it strikes, dealing additional fire damage.
   Big, fiery blades are also staple armaments of hydra-hunters.
   Str:       It affects your strength (+5).
   Dex:       It affects your dexterity (-3).
   rPois:     It protects you from poison.
   rCorr:     It protects you from acid and corrosion.
Missiles
 l - 2 boomerangs (quivered)
 q - 20 poisoned darts
 H - a throwing net
 X - a curare-tipped dart
Armour
 c - a +1 buckler (worn)
 F - the +4 chain mail of Virtue (worn) {Contam Regen+ Str+3}
   (You found it on level 6 of the Dungeon)

   Str:       It affects your strength (+3).
   Contam:    It causes magical contamination when unequipped.
   Regen:     It increases your rate of health regeneration.
 G - +1 shadow dragon scales
 N - a +0 hat of willpower (worn)
Jewellery
 k - a ring of protection from cold
 r - a +4 ring of protection (left hand)
 u - a +4 ring of evasion (right hand)
 w - a +6 ring of dexterity
 C - a ring of wizardry
 S - an amulet of faith (around neck)
 U - a ring of wizardry
Wands
 s - a wand of iceblast (8)
 K - a wand of mindburst (15)
 M - a wand of charming (8)
 V - a wand of flame (13)
Scrolls
 a - 2 scrolls of acquirement
 g - 2 scrolls of enchant armour
 i - 6 scrolls of teleportation
 v - 4 scrolls of noise
 x - 2 scrolls of fear
 A - a scroll of fog
 D - 2 scrolls of torment
 O - 4 scrolls of summoning
 R - a scroll of silence
 W - a scroll of poison
Potions
 d - 3 potions of might
 e - 2 potions of curing
 m - 5 potions of lignification
 n - 3 potions of magic
 o - a potion of resistance
 t - a potion of degeneration
 E - 2 potions of brilliance
 I - a potion of ambrosia {unknown}
 L - a potion of invisibility
 P - 2 potions of mutation {unknown}
 Q - a potion of flight


   Skills:
 * Level 8.3 Fighting
 + Level 10.5 Axes
 + Level 1.2 Throwing
 + Level 6.5 Armour
 + Level 3.3 Dodging
 + Level 1.6 Stealth
 + Level 5.0 Shields
 * Level 7.9 Invocations
 * Level 5.3 Evocations


You had 10 spell levels left.
You didn't know any spells.
Your spell library contained the following spells:

 Spells                   Type           Power      Damage    Failure   Level
 Apportation              Tloc           0%         N/A       96%         1
 Foxfire                  Conj/Fire      0%         2x1d4     96%         1
 Summon Small Mammal      Summ           0%         N/A       96%         1
 Ensorcelled Hibernation  Hex/Ice        0%         N/A       99%         2
 Passwall                 Tmut/Erth      0%         N/A       99%         2
 Call Canine Familiar     Summ           0%         N/A       100%        3
 Conjure Flame            Conj/Fire      0%         6-21      100%        3
 Inner Flame              Hex/Fire       0%         N/A       100%        3
 Portal Projectile        Hex/Tloc       0%         N/A       100%        3
 Summon Guardian Golem    Hex/Summ       0%         N/A       100%        3
 Swiftness                Air            0%         N/A       100%        3
 Flame Wave               Conj/Fire      0%         2d4       100%        4
 Alistair's Intoxication  Tmut/Pois      0%         N/A       100%        5
 Blade Hands              Tmut           0%         N/A       100%        5
 Excruciating Wounds      Necr           0%         N/A       100%        5
 Summon Forest            Summ/Tloc      0%         N/A       100%        5
 Summon Mana Viper        Hex/Summ       0%         N/A       100%        5
 Summon Cactus Giant      Summ           0%         N/A       100%        6
 Malign Gateway           Summ/Tloc      0%         N/A       100%        7
 Summon Horrible Things   Summ           0%         N/A       100%        8


Dungeon Overview and Level Annotations

Branches:
Dungeon (10/15)            Temple (1/1) D:4            Lair (0/6) D:9
 Bailey (visited)
    Orc: D:9-12

Altars:
Ashenzari
Cheibriados
Dithmenos
Elyvilon
Fedhas
Gozag
Hepliaklqana
Kikubaaqudgha
Makhleb
Nemelex Xobeh
Okawaru
Qazlal
Ru
Sif Muna
Trog
Uskayaw
Vehumet
Wu Jian
Xom
Yredelemnul
Zin
The Shining One

Shops:
D:2 *(?[   D:3 *   D:4 ?*?   D:5 *   D:9 =

Annotations:
D:7 exclusion: oklob plant
D:10 Fannar


Innate Abilities, Weirdness & Mutations

You have a pair of antennae on your head.
You sometimes gain power by taking damage.
You are partially covered in sharp spines.
Your touch may inflict irresistible damage on your foes.
Your spells are a little easier to cast, but a little less powerful.


Message History

You kill the ice beast!
The ice beast disappears in a puff of smoke!
You block Fannar's attack.
You slice the ice beast!!
You kill the ice beast!
The ice beast disappears in a puff of smoke!
You barely miss Fannar.
Fannar is moderately wounded.
You block Fannar's attack.
You closely miss Fannar.
Fannar is moderately wounded.
You block Fannar's attack.
You hit Fannar.
Fannar is moderately wounded.
You block Fannar's attack.
You barely miss Fannar.
Fannar is moderately wounded.
Fannar murmurs some mystic words to themself.
Fannar hits you but does no damage. Fannar freezes you!
You miss Fannar.
Fannar is moderately wounded.
Fannar gestures wildly while chanting.
Fannar drains the heat from the surrounding environment!
You slice Fannar!!
Fannar is severely wounded.
Fannar is engulfed in freezing vapours.
Fannar points at you and mumbles some strange words.
The bolt of cold hits you!
* * * LOW HITPOINT WARNING * * *
You focus on the pain.
You feel mightier all of a sudden.
You barely miss Fannar.
Fannar is severely wounded.
Fannar is engulfed in freezing vapours.
Fannar hits you but does no damage. Fannar freezes you!
* * * LOW HITPOINT WARNING * * *
Fannar is engulfed in freezing vapours.
Fannar gestures wildly while chanting.
Fannar drains the heat from the surrounding environment!
You die...

#.######### #.#...)...#
#.#.......# #.#.......#
#.........# ##........#
#○..°)...# ....
#####○.☼))...+ ....#
#.....e@.....#
......##.#######'####
#.#....#.# ###..##
#......#.# #.....#
#.....#.# #.#.#.#
......#.# #.....##
.....#####.# #.#.#..#
.....#.....# #......##
.....#.########.......#


You could see Fannar.

Vanquished Creatures
  Gastronok (D:8)
  The ghost of durneh the Firebug, a novice DgFE (D:5)
  2 kobold demonologists (Bailey)
  Prince Ribbit (D:7)
  A troll (D:6)
  The ghost of domi the Conjurer, an amateur DsWz (D:5)
  16 yaks
  A wraith (D:7)
  2 wyverns
  A steam dragon (D:8)
  2 wargs
  5 water moccasins
  16 orc warriors
  A black bear (D:6)
  3 sky beasts
  An ogre (D:5)
  A centaur (D:9)
  2 kobold brigands
  3 phantoms
  3 necrophages
  5 bullfrogs
  A gnoll sergeant (D:8)
  7 wights
  5 killer bees (D:7)
  5 electric eels (Bailey)
  A howler monkey (D:6)
  3 hounds
  16 jellies
  6 orc priests
  2 gnoll shamans
  6 iguanas
  6 orc wizards
  17 gnolls
  6 adders
  A shadow imp (D:5)
  2 white imps
  2 ufetubi
  A dart slug (D:1)
  A worm (D:4)
  31 orcs
  5 ball pythons
  6 bats
  11 endoplasms
  4 giant cockroaches
  9 goblins
  13 hobgoblins
  9 jackals (D:1)
  15 kobolds
  4 quokkas
  4 frilled lizards
  6 rats
274 creatures vanquished.

Vanquished Creatures (collateral kills)
  A vampire (D:9)
1 creature vanquished.

Vanquished Creatures (others)
  9 fungi (D:7)
  3 plants (D:9)
  6 withered plants (D:6)
18 creatures vanquished.

Grand Total: 293 creatures vanquished

Notes
Turn   | Place    | Note
-------+----------+-------------------------------------------
     0 | D:1      | jlumianski the Demonspawn Fighter began the quest for the
                  | Orb.
     0 | D:1      | Reached XP level 1. HP: 18/18 MP: 1/1
   319 | D:1      | Gained mutation: You sometimes gain a little power by
                  | taking damage. [demonic ancestry]
   319 | D:1      | Reached XP level 2. HP: 15/24 MP: 2/2
   646 | D:1      | Reached skill level 2 in Axes
   648 | D:1      | Found a faded altar of an unknown god.
   892 | D:1      | Reached XP level 3. HP: 26/29 MP: 3/3
  1095 | D:2      | Found Hojaac's Armour Emporium.
  1328 | D:2      | Found Usukhoal's Magic Scroll Shop.
  1410 | D:2      | Found Doemul's Antique Weapon Shoppe.
  1434 | D:2      | Bought a scroll of identify for 26 gold pieces
  1702 | D:2      | Found Kilete's General Store.
  1848 | D:3      | Reached skill level 1 in Dodging
  1848 | D:3      | Reached XP level 4. HP: 14/35 MP: 4/4
  2106 | D:3      | Found Cene Otz's Assorted Antiques.
  2796 | D:3      | Gained mutation: You sometimes gain power by taking damage.
                  | [demonic ancestry]
  2796 | D:3      | Reached XP level 5. HP: 41/41 MP: 5/5
  3249 | D:4      | Reached skill level 3 in Axes
  3258 | D:4      | Found an ancient bone altar of Kikubaaqudgha.
  3389 | D:4      | Found Kinkur's Magic Scroll Shop.
  3533 | D:4      | Found Hipromun's Magic Scroll Emporium.
  3547 | D:4      | Reached skill level 1 in Stealth
  3574 | D:4      | Found Sirgheu's Assorted Antiques.
  3594 | D:4      | Found a staircase to the Ecumenical Temple.
  3667 | Temple   | Entered the Ecumenical Temple
  3720 | Temple   | Became a worshipper of Qazlal Stormbringer
  3989 | D:5      | Entered Level 5 of the Dungeon
  4005 | D:4      | Discovered your monstrous ancestry.
  4005 | D:4      | Gained mutation: You have a pair of small antennae on your
                  | head. [demonic ancestry]
  4005 | D:4      | Reached XP level 6. HP: 35/47 MP: 6/6
  4186 | D:5      | Noticed a water moccasin
  4200 | D:5      | Killed a water moccasin
  4201 | D:5      | Reached skill level 4 in Axes
  4223 | D:5      | Gained mutation: You are partially covered in sharp spines.
                  | [demonic ancestry]
  4223 | D:5      | Reached XP level 7. HP: 35/53 MP: 7/7
  4765 | D:5      | Reached skill level 1 in Throwing
  4773 | D:5      | Reached skill level 5 in Axes
  4817 | D:5      | Noticed a wyvern
  4845 | D:5      | Killed a wyvern
  4964 | D:5      | Found Roxtyc's Assorted Antiques.
  5081 | D:5      | Identified a scroll of acquirement
  5081 | D:5      | Acquired a +0 vorpal broad axe
  5222 | D:4      | Bought a scroll of enchant weapon for 97 gold pieces
  5222 | D:4      | Bought a scroll of enchant weapon for 97 gold pieces
  5312 | D:6      | Reached skill level 5 in Armour
  5312 | D:6      | Reached XP level 8. HP: 60/60 MP: 8/8
  5318 | D:6      | Found a runed translucent gate.
  5318 | D:6      | Found a runed translucent gate.
  5318 | D:6      | Found a runed translucent gate.
  5318 | D:6      | Noticed domi's ghost (amateur DsWz)
  5319 | D:6      | Noticed durneh's ghost (novice DgFE)
  5496 | D:6      | Reached skill level 6 in Axes
  5519 | D:6      | Reached * piety under Qazlal
  5643 | D:6      | Reached skill level 5 in Fighting
  5652 | D:6      | Reached skill level 1 in Evocations
  5790 | D:6      | Reached skill level 7 in Axes
  5790 | D:6      | Gained mutation: Your touch may inflict minor irresistible
                  | damage on your foes. [demonic ancestry]
  5790 | D:6      | Reached XP level 9. HP: 65/68 MP: 11/11
  5802 | D:6      | Noticed a troll
  5811 | D:6      | Killed a troll
  5834 | D:6      | Identified the +4 chain mail of Virtue {Contam Regen+
                  | Str+3}
  6429 | D:5      | Killed durneh's ghost
  6438 | D:5      | Killed domi's ghost
  6467 | D:6      | Identified the +7 dagger "Paho" {freeze, Dex+2}
  6553 | D:7      | Reached skill level 8 in Axes
  6566 | D:7      | Reached ** piety under Qazlal
  6875 | D:7      | Noticed Prince Ribbit
  6900 | D:7      | Killed Prince Ribbit
  7000 | D:7      | Noticed an oklob plant
  7012 | D:7      | Reached skill level 5 in Invocations
  7038 | D:7      | Gained mutation: You have a pair of antennae on your head.
                  | [demonic ancestry]
  7038 | D:7      | Reached XP level 10. HP: 74/77 MP: 13/13
  7314 | D:2      | Bought a scroll of enchant weapon for 97 gold pieces
  7314 | D:2      | Bought a scroll of enchant weapon for 97 gold pieces
  7860 | D:8      | Noticed Gastronok
  7994 | D:8      | Killed Gastronok
  7995 | D:8      | Reached skill level 9 in Axes
  8533 | D:8      | Reached *** piety under Qazlal
  8562 | D:9      | Found a staircase to the Lair.
  8647 | D:9      | Found Pusmyu's Jewellery Shoppe.
  8699 | D:9      | Found a flagged portal.
  8713 | D:9      | Identified the +7 hand axe "Qesocago" {flame, rPois rCorr
                  | Str+5 Dex-3}
  8724 | Bailey   | Entered a bailey
  8807 | Bailey   | Gained mutation: Your touch may inflict irresistible damage
                  | on your foes. [demonic ancestry]
  8807 | Bailey   | Reached XP level 11. HP: 74/86 MP: 16/16
  8972 | Bailey   | Reached **** piety under Qazlal
  9313 | Bailey   | Found an iron altar of Okawaru.
  9332 | Bailey   | Upgraded the game from 0.29-a0-398-ge13fd1374b to
                  | 0.29-a0-409-gd843f3a48c
  9333 | Bailey   | Gained mutation: Your spells are a little easier to cast,
                  | but a little less powerful. [a neqoxec]
  9335 | Bailey   | Reached skill level 5 in Evocations
  9358 | Bailey   | Reached skill level 10 in Axes
 10346 | D:10     | Entered Level 10 of the Dungeon
 10375 | D:10     | Reached skill level 5 in Shields
 10618 | D:10     | Noticed Fannar
 10657 | D:10     | Killed from afar by Fannar

Illustrated notes

Levels and vault maps discovered:
D:1:      ncdulo_halloftheorcs, layout_basic, nicolae_ecumenical_snake_handling
D:2:      layout_rooms, serial_shops, nicolae_shop_behind_doors, shop,
          nicolae_shop_crystal, shop_fountains
D:3:      layout_basic, serial_shops, shop, st_stairs_3
D:4:      layout_rooms, kiku_gazebo_pond_becter,
          minmay_temple_entry_sparse_star, serial_shops, shop, kennysheep_mini,
          nicolae_shop_statue_plus
D:5:      layout_loops_ring, nicolae_take_the_stairs, grunt_decor_arrowhead
D:6:      kennysheep_windowed_halls, layout_basic, gammafunk_ghost_cemetery,
          minivault_22
D:7:      lemuel_slime, layout_basic, serial_glass, glass_columns_b,
          glass_columns_a, glass_columns_c, glass_columns_b, glass_columns_c,
          glass_columns_a, glass_columns_c, glass_columns_a, glass_columns_a,
          glass_columns_b, glass_columns_b, glass_columns_b, glass_columns_a,
          glass_columns_a, uniq_prince_ribbit1
D:8:      layout_rooms, minivault_23, uniq_gastronok
D:9:      layout_roguey, erik_lair_orcish_takeover, enter_bailey_2,
          minmay_shop_enchanted_jewellery
D:10:     layout_roguey, serial_co_window_serial, co_window_cross_1,
          co_window_corner_a, co_window_paths_b, co_window_of_opportunity_a,
          co_window_corner_a, co_window_corner_b, co_window_2corner,
          co_window_corner_b, co_window_paths_e, co_window_paths_d,
          glass_columns_a, glass_columns_a, glass_columns_c, glass_columns_a,
          glass_columns_a, uniq_erica, uniq_fannar
Temple:   kilobyte_greek_temple

Skill      XL: |  1  2  3  4  5  6  7  8  9 10 11 |
---------------+----------------------------------+-----
Armour         | 3 4 5 6 |  6.5
Axes           | 2 3 4 5 7 8 9 10 | 10.5
Dodging        | 1 2 3 |  3.3
Shields        | 3 4 5 |  5.0
Stealth        | 1 |  1.6
Throwing       | 1 |  1.2
Fighting       | 4 5 6 7 8 |  8.3
Invocations    | 3 5 6 7 |  7.9
Evocations     | 1 3 4 5 |  5.3

Action                   |  1- 3 |  4- 6 |  7- 9 | 10-12 || total
-------------------------+-------+-------+-------+-------++-------
Melee: War axe           |    61 |       |       |       ||    61
       Hand axe          |    58 |   127 |    28 |       ||   213
       Broad axe         |       |       |   145 |   260 ||   405
Throw: Boomerang         |       |     4 |       |     5 ||     9
       Dart              |       |     2 |       |       ||     2
Invok: Upheaval          |       |       |       |     2 ||     2
       Elemental Force   |       |       |       |     1 ||     1
Evoke: Wand              |       |       |       |     2 ||     2
  Use: Scroll            |     6 |     3 |    11 |     7 ||    27
       Potion            |     1 |       |       |     2 ||     3
Armor: Scale mail        |    88 |    43 |    15 |       ||   146
       Chain mail        |       |       |    74 |   100 ||   174
Dodge: Dodged            |    77 |    57 |    85 |   135 ||   354
       Repelled          |       |       |       |     3 ||     3
Block: Buckler           |    32 |    26 |    72 |   157 ||   287

Table legend: (Time is in decaauts)
 A = Elapsed time spent in this place.
 B = Non-inter-level travel time spent in this place.
 C = Inter-level travel time spent in this place.
 D = Time resting spent in this place.
 E = Time spent auto-exploring this place.
 F = Levels seen in this place.
 G = Mean time per level.
                   A        B        C        D        E       F      G
               +--------+--------+--------+--------+--------+-----+--------+
         Total |  10854 |  10367 |    487 |    534 |   5608 |  12 |  904.5 |
       Dungeon |   9771 |   9284 |    487 |    534 |   5413 |  10 |  977.1 |
        Temple |     91 |     91 |      0 |      0 |      0 |   1 |   91.0 |
        Bailey |    990 |    990 |      0 |      0 |    195 |   1 |  990.0 |
               +--------+--------+--------+--------+--------+-----+--------+

Top non-repeatable levels by time:
     D:3: 1446 daAuts
     D:1: 1334 daAuts
     D:5: 1324 daAuts
     D:6: 1297 daAuts
     D:7: 1143 daAuts
  Bailey: 990 daAuts
     D:9: 872 daAuts
     D:4: 816 daAuts
     D:8: 690 daAuts
     D:2: 529 daAuts
    D:10: 316 daAuts
  Temple: 91 daAuts
